 Dungeon Crawl Stone Soup version 0.31-a0-435-g2c6fae2916 (webtiles) character file.

Game seed: 7153575074555831512

550 Grim the Chopper (level 7, 0/40 HPs)
             Began as a Tengu Reaver on Aug 1, 2023.
             Slain by an orc wizard
             ... wielding a +0 dagger
              (3 damage)
             ... on level 4 of the Dungeon.
             The game lasted 00:08:10 (3533 turns).

Grim the Chopper (Tengu Reaver)                     Turns: 3533, Time: 00:08:11

Health: 0/40       AC:  4    Str: 12    XL:     7   Next: 29%
Magic:  8/11       EV: 14    Int: 14    God:
Gold:   246        SH:  0    Dex: 14    Spells: 4/10 levels left

rFire   . . .        a - +0 hand axe
rCold   . . .        (no shield)
rNeg    . . .        b - +0 leather armour
rPois   .            (helmet restricted)
rElec   .            m - +0 cloak
rCorr   .            (no gloves)
SInv    .            (boots unavailable)
Will    .....        (no amulet)
Stlth   +            (no ring)
HPRegen 0.26/turn    (no ring)
MPRegen 0.12/turn

%: no passive effects
@: flying quickly and evasively, quick
A: beak, talons 3, nimble flight
a: no special abilities


You were on level 4 of the Dungeon.
You visited 1 branch of the dungeon, and saw 4 of its levels.

You collected 246 gold pieces.

Inventory:

Hand Weapons
 a - a +0 hand axe (weapon)
Armour
 b - a +0 leather armour (worn)
 m - a +0 cloak (worn)
Wands
 n - a wand of charming (1)
 o - a wand of digging (3)
Scrolls
 c - 2 scrolls of teleportation {unknown}
 d - 3 scrolls of brand weapon {unknown}
 f - 4 scrolls of identify {unknown}
 i - 2 scrolls of revelation {unknown}
 j - a scroll of poison {unknown}
 k - a scroll of blinking {unknown}
Potions
 e - 2 potions of mutation {unknown}
 g - 2 potions of curing
 h - a potion of lignification {unknown}
 l - a potion of enlightenment {unknown}


   Skills:
 - Level 2.0 Fighting
 * Level 6.7 Axes
 - Level 2.1 Dodging
 - Level 2.0 Spellcasting
 - Level 5.8 Conjurations
 - Level 3.2 Necromancy
 + Level 1.2 Translocations
 + Level 1.3 Ice Magic


You had 4 spell levels left.
You knew the following spells:

 Your Spells              Type           Power      Damage    Failure   Level
a - Kiss of Death         Conj/Necr      56%        2d9       4%          1
b - Momentum Strike       Conj/Tloc      22%        3d8       11%         2
c - Hailstorm             Conj/Ice       11%        3d5       21%         3

Your spell library contained the following spells:

 Spells                   Type           Power      Damage    Failure   Level
 Necrotise                Necr           40%        1d6       9%          1
 Apportation              Tloc           8%         N/A       19%         1
 Sting                    Tmut/Pois      4%         1d3       30%         1
 Summon Small Mammal      Summ           4%         N/A       30%         1
 Poisonous Vapours        Pois/Air       2%         N/A       41%         2
 Olgreb's Toxic Radiance  Pois           1%         N/A       96%         4


Dungeon Overview and Level Annotations

Branches:
Dungeon (4/15)
 Temple: D:4-7

Altars:
The Shining One


Innate Abilities, Weirdness & Mutations

You have a beak for a mouth.
You have claws for feet.
Your magical nature lets you fly swiftly and evasively.


Message History

* * * LOW HITPOINT WARNING * * *
The scorpion stings you but does no damage.
Casting: Momentum Strike (safe; 11% risk of failure)
Confirm with . or Enter, or press ? or * to list all spells.
Aiming: Momentum Strike (safe; 11% risk of failure)
Press: ? - help, Dir - move target, f - scorpion
Aim: a scorpion (lightly wounded, 68% to hit)
The concentrated momentum hits the scorpion!
The scorpion is heavily wounded.
You are unable to move.
The scorpion misses you. The orc misses you.
Something hits you but does no damage.
You hit the scorpion but do no damage. You claw the scorpion.
The scorpion is heavily wounded.
You miss something. You barely miss the orc.
The scorpion completely misses you. The orc hits you but does no damage.
Something hits you but does no damage.
Unknown command.
You closely miss the scorpion.
You claw the scorpion, but do no damage.
Your peck misses the scorpion.
The scorpion is heavily wounded.
You hit the orc. You closely miss something. The scorpion misses you.
The orc hits you with a +3 dagger.
* * * LOW HITPOINT WARNING * * *
Something hits you.
* * * LOW HITPOINT WARNING * * *
You hit the scorpion but do no damage. Your peck misses the scorpion.
The scorpion is heavily wounded.
You hit the orc.
You kill the orc!
You hit something.
The scorpion stings you but does no damage.
Something hits you.
* * * LOW HITPOINT WARNING * * *
You hit the scorpion but do no damage.
The scorpion is heavily wounded.
You hit something but do no damage.
You are no longer robbed of momentum.
The scorpion completely misses you. Something hits you.
You die...

...#
###..........#####.)..#
...# ###..........>...#.##
#.######...#######.######.#
..).........# #..# #.#
#.#..################# ###
<.#..#................
.....#..##...#....###
..)..#.# #...#....#
.....#.###..##..@s#
.....#......###.){....?#
.....#.....## #...#....#
.....#...### #...# ...#
..#..#.#### ##..# ?.#
.)...#....#### #..# .#
..##.#.......# ##.. .
..##.......... #.
.###.#........


You could see a scorpion.

Vanquished Creatures
  An ogre (D:4)
  A scorpion (D:4)
  A howler monkey (D:4)
  An orc priest (D:3)
  2 hounds (D:4)
  2 iguanas (D:4)
  An orc wizard (D:4)
  6 gnolls (D:4)
  8 adders
  A worm (D:2)
  12 orcs
  4 ball pythons
  An endoplasm (D:3)
  A giant cockroach (D:4)
  3 goblins
  7 hobgoblins
  5 quokkas
  4 bats
  2 frilled lizards
  10 kobolds
  5 rats
78 creatures vanquished.

Notes
Turn   | Place    | Note
-------+----------+-------------------------------------------
     0 | D:1      | Grim the Tengu Reaver began the quest for the Orb.
     0 | D:1      | Reached XP level 1. HP: 12/12 MP: 4/4
   293 | D:1      | Reached XP level 2. HP: 17/17 MP: 6/6
   933 | D:2      | Reached skill level 1 in Necromancy
  1085 | D:2      | Reached skill level 4 in Axes
  1085 | D:2      | Reached XP level 3. HP: 21/21 MP: 7/7
  1761 | D:3      | Reached XP level 4. HP: 26/26 MP: 8/8
  1812 | D:3      | Learned a level 2 spell: Momentum Strike
  1816 | D:3      | Learned a level 3 spell: Hailstorm
  2219 | D:3      | Reached skill level 5 in Conjurations
  2219 | D:3      | Gained mutation: Your magical nature lets you fly swiftly
                  | and evasively. [Tengu growth]
  2219 | D:3      | Reached XP level 5. HP: 5/29 MP: 9/9
  2583 | D:4      | Reached skill level 5 in Axes
  2631 | D:4      | Found a glowing golden altar of the Shining One.
  2631 | D:4      | Noticed an ogre
  2649 | D:4      | Killed an ogre
  2673 | D:4      | Reached XP level 6. HP: 21/35 MP: 10/10
  2705 | D:4      | Reached skill level 6 in Axes
  3264 | D:4      | Reached XP level 7. HP: 32/40 MP: 11/11
  3279 | D:4      | Reached skill level 1 in Translocations
  3279 | D:4      | Reached skill level 1 in Ice Magic
  3533 | D:4      | Slain by an orc wizard

Illustrated notes

Levels and vault maps discovered:
D:1:      erik_arrival_cave_to_civilisation [erik_arrival_cave_to_hall],
          layout_basic
D:2:      layout_loops_cross
D:3:      layout_loops_ring, hex_tiny, minivault_26
D:4:      minmay_recursive_quarters, layout_rooms, mainiacjoe_overflow_brackets,
          chequers_temple_overflow_statue_of_worship, cheibrodos_gnoll_hut

Skill      XL: |  1  2  3  4  5  6  7 |
---------------+----------------------+-----
Necromancy     | 1 2 3 |  3.2
Axes           | 4 5 6 |  6.7
Conjurations   | 5 |  5.8
Translocations | 1 |  1.2
Ice Magic      | 1 |  1.3
Fighting       | |  2.0
Dodging        | |  2.1
Spellcasting   | |  2.0

Action                     |  1- 3 |  4- 6 |  7- 9 || total
---------------------------+-------+-------+-------++-------
  Melee: Hand axe          |    78 |   125 |    34 ||   237
         Kick              |    18 |    40 |     7 ||    65
         Peck              |     9 |    22 |     3 ||    34
         Punch             |     1 |     1 |       ||     2
   Cast: Kiss of Death     |       |     2 |       ||     2
         Momentum Strike   |       |       |     2 ||     2
    Use: Potion            |       |       |     1 ||     1
   Stab: Sleeping          |     3 |       |       ||     3
 Armour: Leather armour    |     9 |    19 |     9 ||    37
  Dodge: Dodged            |    45 |    87 |    32 ||   164

Table legend: (Time is in decaauts)
 A = Elapsed time spent in this place.
 B = Non-inter-level travel time spent in this place.
 C = Inter-level travel time spent in this place.
 D = Time resting spent in this place.
 E = Time spent auto-exploring this place.
 F = Levels seen in this place.
 G = Mean time per level.
                   A        B        C        D        E       F      G
               +--------+--------+--------+--------+--------+-----+--------+
         Total |   3492 |   3379 |    113 |    623 |   2170 |   4 |  873.0 |
       Dungeon |   3492 |   3379 |    113 |    623 |   2170 |   4 |  873.0 |
               +--------+--------+--------+--------+--------+-----+--------+

Top non-repeatable levels by time:
     D:3: 1251 daAuts
     D:1: 921 daAuts
     D:4: 666 daAuts
     D:2: 652 daAuts
